 Dungeon Crawl Stone Soup version 0.24.0-123-gd5b16e6ec5 (webtiles) character file.

Game seed: 4523360826024826440, levelgen mode: deterministic

21912 McKennaii the Stormcaller (level 12, -8/64 HPs)
             Began as a Tengu Air Elementalist on Jan 4, 2020.
             Was a Priest of Sif Muna.
             Mangled by a hog (13 damage)
             ... led by Kirke
             ... on level 4 of the Lair of Beasts.
             The game lasted 01:14:15 (22307 turns).

McKennaii the Stormcaller (Tengu Air Elementalist) Turns: 22307, Time: 01:14:16

Health: -8/64      AC:  0    Str: 14      XL:     12   Next: 95%
Magic:  3/27       EV: 20    Int: 20 (21) God:    Sif Muna [***...]
Gold:   873        SH:  0    Dex: 13 (16) Spells: 22/31 levels left

rFire    . . .     SeeInvis .     - Unarmed
rCold    . . .     Gourm    .   (shield currently unavailable)
rNeg     . . .     Faith    .   (armour currently unavailable)
rPois    .         Spirit   .   (helmet currently unavailable)
rElec    .         Reflect  .   (cloak currently unavailable)
rCorr    .         Harm     .   (gloves currently unavailable)
MR       .....                  (boots unavailable)
Stlth    ++........             (no amulet)
HPRegen  0.20/turn              (ring currently unavailable)
MPRegen  0.20/turn              (ring currently unavailable)

@: mighty, pig-form, flying quickly and evasively, studying Ice Magic, very
quick
A: small, clever 1, deterioration 1, wild magic 1, able to fly
a: Stop Flying, Channel Magic, Forget Spell, Renounce Religion


You were on level 4 of the Lair of Beasts.
You worshipped Sif Muna.
Sif Muna was most pleased with you.
You were very hungry.
You were a filthy swine.
You visited 3 branches of the dungeon, and saw 15 of its levels.
You also visited: Gauntlet and Ice Cave.

You collected 873 gold pieces.

Inventory:

Hand Weapons
 z - a +4 trident (melded)
Armour
 h - the +2 ring mail of Zetaimn {*Drain rF+ Int+3 Slay+6}
   (You took it off a minotaur in a Gauntlet)

   It affects your intelligence (+3).
   It affects your accuracy and damage with ranged weapons and melee attacks
   (+6).
   It protects you from fire.
   It causes draining when unequipped.
 H - a +2 pair of gloves of strength (melded)
 I - a +2 shield
 M - the +4 robe of Augmentation (melded) {Str+4 Int+4 Dex+4}
   (You found it in a Gauntlet)

   It affects your strength (+4).
   It affects your intelligence (+4).
   It affects your dexterity (+4).
 N - the +1 cloak of Seesoepp (melded) {rElec Regen+}
   (You found it in a Gauntlet)

   It insulates you from electricity.
   It increases your rate of regeneration.
Magical Staves
 G - an uncursed staff of air
 O - an uncursed staff of summoning
Jewellery
 i - an uncursed ring of see invisible
 m - an uncursed ring of protection from cold
 p - a ring of protection from magic (melded)
 v - the ring of Sorag (melded) {Wiz Int+4}
   (You found it in a Gauntlet)

   [ring of wizardry]

   It improves your spell success rate.
   It affects your intelligence (+4).
 C - an uncursed ring of protection from fire
Wands
 e - a wand of digging (4)
 w - a wand of random effects (14)
 A - a wand of disintegration (7)
 B - a wand of paralysis (6)
 J - a wand of polymorph (5)
 K - a wand of flame (15)
Scrolls
 a - 4 scrolls of amnesia
 g - a scroll of immolation
 j - 3 scrolls of enchant weapon
 l - 4 scrolls of remove curse
 n - 2 scrolls of teleportation
 o - a scroll of noise
 s - 2 scrolls of fog
 y - 4 scrolls of identify
 D - a scroll of brand weapon {unknown}
 P - a scroll of enchant armour
Potions
 b - 3 potions of curing
 d - 2 potions of brilliance
 f - 3 potions of flight
 q - 3 potions of ambrosia
 r - 3 potions of agility
 t - 2 potions of mutation
Books
 F - a manual of Ice Magic
Miscellaneous
 E - a box of beasts
 L - a phantom mirror
Comestibles
 c - 12 rations


   Skills:
 + Level 2.8 Fighting
 + Level 3.1 Polearms
 + Level 3.2 Armour
 + Level 5.2 Dodging
 + Level 3.4 Stealth
 + Level 1.0 Unarmed Combat
 + Level 10.1 Spellcasting
 + Level 12.9 Conjurations
 * Level 4.4 Summonings
 * Level 16.0 Air Magic
 + Level 0.2 Evocations


You had 22 spell levels left.
You knew the following spells:

 Your Spells              Type           Power        Failure   Level  Hunger
a - Shock                 Conj/Air       ####         1%          1    None
b - Swiftness             Chrm/Air       ######..     1%          2    None
c - Summon Small Mammal   Summ           ####         2%          1    None
x - Lightning Bolt        Conj/Air       ######....   1%          5    ####...

Your spell library contained the following spells:

 Spells                   Type           Power        Failure   Level  Hunger
 Flame Tongue             Conj/Fire      #####        1%          1    None
 Sting                    Conj/Pois      ####         1%          1    None
 Poisonous Vapours        Pois/Air       ######       1%          2    None
 Mephitic Cloud           Conj/Pois/Air  ######..     1%          3    None
 Static Discharge         Conj/Air       ######..     1%          3    None
 Airstrike                Air            #######...   1%          4    ##.....
 Dazzling Spray           Conj/Hex       #####.       2%          3    None
 Throw Icicle             Conj/Ice       #####...     8%          4    ##.....
 Animate Skeleton         Necr           N/A          11%         1    None
 Apportation              Tloc           ##....       11%         1    None
 Beastly Appendage        Tmut           ##....       11%         1    None
 Confusing Touch          Hex            ##....       11%         1    None
 Corona                   Hex            ##.....      11%         1    None
 Ensorcelled Hibernation  Hex/Ice        ##....       16%         2    None
 Shroud of Golubria       Chrm/Tloc      ##....       16%         2    None
 Song of Slaying          Chrm           ##......     16%         2    None
 Sticks to Snakes         Tmut           ##......     16%         2    None
 Confuse                  Hex            ##......     28%         3    None
 Ozocubu's Armour         Chrm/Ice       ##......     28%         3    None
 Spider Form              Tmut/Pois      ##........   28%         3    None
 Tukima's Dance           Hex            ##......     28%         3    None
 Freezing Cloud           Conj/Ice/Air   ######....   28%         6    ######.
 Ice Form                 Ice/Tmut       ##......     65%         4    ##.....
 Blade Hands              Tmut           ##........   92%         5    ####...


Dungeon Overview and Level Annotations

Branches:
Dungeon (10/15)            Temple (1/1) D:6            Lair (4/6) D:8
  Snake (0/4) Lair:4          Orc (0/2) D:9           IceCv (visited)
Gauntlet (visited)
  Swamp: Lair:2-4    Shoals: Lair:2-4

Altars:
Ashenzari
Cheibriados
Dithmenos
Elyvilon
Fedhas
Gozag
Hepliaklqana
Kikubaaqudgha
Makhleb
Nemelex Xobeh
Okawaru
Qazlal
Ru
Sif Muna
Trog
Uskayaw
Vehumet
Wu Jian
Xom
Yredelemnul
Zin
The Shining One
Beogh

Annotations:
D:5 1 runed translucent door
D:10 2 transporters, Nergalle; Piluamit's ghost, journeyman OpBe
Lair:4 Kirke


Innate Abilities, Weirdness & Mutations

((You have a beak for a mouth.))
((You have claws for feet.))
You can fly continuously.
((You have a pair of small antennae on your head.))
Your mind is acute. (Int +2)
Your body sometimes deteriorates upon taking damage.
Your spells are a little harder to cast, but a little more powerful.


Message History

You turn into a filthy swine.
Your +4 trident melds into your body.
The +1 cloak of Seesoepp {rElec Regen+} melds into your body.
Your +2 pair of gloves of strength melds into your body.
The +4 robe of Augmentation {Str+4 Int+4 Dex+4} melds into your body.
The ring of Sorag {Wiz Int+4} melds into your body.
Your ring of protection from magic melds into your body.
You feel weaker.
You hear an angry squeal. x3
You hear an angry squeal.
Kirke gestures at you while chanting.
You struggle to resist.
A hog comes into view. 2 hogs come into view.
The hog squeals angrily. x2
Kirke hits you!
* * * LOW HITPOINT WARNING * * *
The hog bites you!
* * * LOW HITPOINT WARNING * * *
The hog bites you!
You die...

## ## #######.
####.##############.#P#.##
..........................
..........#####...........
.........## ###.....####
.#.....###### ##....## # ##.
.##!..h##.#P####P.....### ...
..#....hhh....###..F..... ..
.......hhh#@..####.....##. ##
#.##.##.....###### #.....##P.
...##..........## ##.....###.
.............(..#######.#....#...
...............#.#..#...#....##..
.....§<.............)............
.................F........####.##
..........§.†............##♣≈P.♣♣


You could see Kirke and 6 hogs.

Vanquished Creatures
  A minotaur (Gauntlet)
  A two-headed ogre (D:9)
  A sixfirhy (Gauntlet)
  2 ugly things (IceCv)
  An apocalypse crab (Gauntlet)
  The ghost of Delamore the Cleaver, a novice HOFi of Okawaru (D:4)
  3 ice statues (IceCv)
  A smoke demon (Gauntlet)
  8 spiny frogs
  A rime drake (Lair:3)
  2 komodo dragons
  4 polar bears
  11 blink frogs
  Grinder (D:6)
  2 hippogriffs
  9 yaks
  Sigmund (D:6)
  2 basilisks (Lair:2)
  Edmund (D:6)
  2 nagas (Lair:4)
  8 water moccasins
  11 porcupines
  8 ice beasts
  5 sky beasts
  An eye of draining (D:10)
  5 orc warriors
  A black bear (D:8)
  4 phantoms
  4 ogres
  8 centaurs
  5 crocodiles
  14 bullfrogs
  A water moccasin skeleton (D:6)
  A scorpion (D:6)
  6 killer bees
  5 wights (D:7)
  2 howler monkeys
  A jelly (D:6)
  8 crimson imps
  5 hounds
  8 orc wizards
  9 orc priests
  A centaur skeleton (D:10)
  2 iguanas
  Natasha (thrice) (D:2)
  5 worker ants
  2 hell rats
  2 killer bee zombies
  A hound zombie (D:10)
  A howler monkey zombie (D:9)
  A howler monkey skeleton (D:5)
  10 adders
  10 river rats
  12 white imps (Lair:2)
  4 ufetubi (Gauntlet)
  An adder zombie (D:6)
  5 adder skeletons
  A worm (D:3)
  3 leopard geckos
  38 orcs
  3 ball pythons
  9 giant cockroaches
  5 goblins
  8 hobgoblins
  5 jackals
  4 quokkas
  3 bats
  2 frilled lizards (D:1)
  A jackal skeleton (D:4)
  A jackal zombie (D:6)
  8 kobolds
  A leopard gecko skeleton (D:7)
  7 rats
  2 demonic plants (Gauntlet)
  2 fungi (Lair:4)
338 creatures vanquished.

Vanquished Creatures (others)
  28 fungi
  12 plants
40 creatures vanquished.

Grand Total: 378 creatures vanquished

Notes
Turn   | Place    | Note
-------+----------+-------------------------------------------
     0 | D:1      | McKennaii the Tengu Air Elementalist began the quest for
                  | the Orb.
     0 | D:1      | Reached XP level 1. HP: 10/10 MP: 4/4
     4 | D:1      | Noticed a tengu
     4 | D:1      | Noticed a centaur
     6 | D:1      | Noticed a spriggan
     6 | D:1      | Noticed a gargoyle
     8 | D:1      | Noticed a merfolk
    10 | D:1      | Noticed a formicid
    10 | D:1      | Noticed a ghoul
    12 | D:1      | Noticed a halfling
    12 | D:1      | Noticed a draconian
    14 | D:1      | Noticed an ogre
    16 | D:1      | Noticed a demonspawn
    16 | D:1      | Noticed an elf
    18 | D:1      | Noticed a human
    18 | D:1      | Noticed an octopode
    20 | D:1      | Noticed a vampire
    20 | D:1      | Noticed a minotaur
    22 | D:1      | Noticed a demigod
    22 | D:1      | Noticed a felid
    24 | D:1      | Noticed a vine stalker
    24 | D:1      | Noticed a dwarf
    26 | D:1      | Noticed a naga
    26 | D:1      | Noticed a troll
   229 | D:1      | Reached XP level 2. HP: 15/15 MP: 0/6
  1005 | D:2      | Noticed Natasha
  1008 | D:2      | Killed Natasha
  1008 | D:2      | Reached XP level 3. HP: 19/19 MP: 3/8
  1055 | D:2      | Noticed an ice beast
  1100 | D:2      | Reached skill level 5 in Air Magic
  1100 | D:2      | Reached XP level 4. HP: 12/24 MP: 1/9
  1199 | D:2      | Noticed Natasha
  1623 | D:2      | Killed Natasha
  1676 | D:2      | Gained mutation: You can fly continuously. [Tengu growth]
  1676 | D:2      | Reached XP level 5. HP: 28/28 MP: 7/10
  1891 | D:2      | Noticed Natasha
  1925 | D:2      | Killed Natasha
  1949 | D:2      | Killed an ice beast
  1949 | D:2      | Reached skill level 6 in Air Magic
  1949 | D:2      | Reached XP level 6. HP: 24/32 MP: 1/13
  2544 | D:3      | Learned a level 2 spell: Swiftness
  2550 | D:3      | Learned a level 5 spell: Lightning Bolt
  2572 | D:3      | Reached skill level 7 in Air Magic
  3222 | D:4      | Got an ichor-stained leather armour
  3230 | D:4      | Identified the +3 leather armour of the Ecumenical Temple
                  | {Dex+2} (You found it on level 4 of the Dungeon)
  3582 | D:4      | Noticed a sky beast
  3649 | D:5      | Entered Level 5 of the Dungeon
  3652 | D:5      | Reached XP level 7. HP: 28/36 MP: 10/14
  3717 | D:5      | Found a runed translucent door.
  3721 | D:5      | Reached skill level 8 in Air Magic
  3746 | D:5      | Noticed Delamore's ghost (novice HOFi)
  3783 | D:5      | Found an iron altar of Okawaru.
  4051 | D:5      | Found a runed translucent door.
  4578 | D:5      | Reached XP level 8. HP: 27/41 MP: 16/16
  4675 | D:5      | Reached skill level 1 in Armour
  4675 | D:5      | Reached skill level 9 in Air Magic
  4829 | D:6      | Reached skill level 5 in Spellcasting
  4829 | D:6      | Reached skill level 5 in Conjurations
  5326 | D:6      | Reached skill level 1 in Unarmed Combat
  5494 | D:6      | Noticed Sigmund
  5500 | D:6      | Killed Sigmund
  5500 | D:6      | Reached skill level 10 in Air Magic
  5556 | D:6      | Noticed Edmund
  5561 | D:6      | Killed Edmund
  5561 | D:6      | Reached XP level 9. HP: 45/45 MP: 9/18
  6365 | D:7      | Gained mutation: You have a pair of small antennae on your
                  | head. [potion of mutation]
  6365 | D:7      | Gained mutation: Your mind is acute. (Int +2) [potion of
                  | mutation]
  6365 | D:7      | Gained mutation: Your body sometimes deteriorates upon
                  | taking damage. [potion of mutation]
  6365 | D:7      | Gained mutation: Your spells are a little harder to cast,
                  | but a little more powerful. [potion of mutation]
  6578 | D:6      | Reached skill level 11 in Air Magic
  6701 | D:6      | Found a staircase to the Ecumenical Temple.
  6738 | D:6      | Noticed Grinder
  6751 | D:6      | Killed Grinder
  7773 | D:8      | Reached skill level 1 in Polearms
  7954 | D:8      | Reached XP level 10. HP: 51/51 MP: 13/21
  8191 | D:8      | Reached skill level 12 in Air Magic
  9869 | D:4      | Killed Delamore's ghost
 10005 | Temple   | Entered the Ecumenical Temple
 10086 | Temple   | Became a worshipper of Sif Muna the Loreminder
 10345 | D:8      | Reached skill level 1 in Fighting
 11022 | D:8      | Found a shimmering altar of Xom.
 11444 | D:8      | Found a staircase to the Lair.
 11769 | D:9      | Found an ornate altar of the Wu Jian Council.
 12100 | D:9      | Noticed a two-headed ogre
 12110 | D:9      | Killed a two-headed ogre
 12110 | D:9      | Reached skill level 13 in Air Magic
 12381 | D:9      | Found a roughly hewn altar of Beogh.
 12381 | D:9      | Found a staircase to the Orcish Mines.
 12399 | D:9      | Reached skill level 10 in Conjurations
 12840 | D:9      | Reached * piety under Sif Muna
 12994 | D:9      | Reached XP level 11. HP: 56/56 MP: 10/24
 13128 | D:10     | Entered Level 10 of the Dungeon
 13298 | D:10     | Found a transporter.
 13298 | D:10     | Noticed a two-headed ogre
 13304 | D:10     | Noticed a two-headed ogre
 13310 | D:10     | Found a bloodstained altar of Trog.
 13317 | D:10     | Noticed Piluamit's ghost (journeyman OpBe)
 13317 | D:10     | Identified the +4 rapier of Uthrapa {holy, rElec Int+3}
 13317 | D:10     | Noticed a tengu warrior
 13318 | D:10     | Identified the +5 great mace "McKennaii's Regret" {vamp,
                  | Fragile rF+ Dex+5}
 13318 | D:10     | Noticed a two-headed ogre
 13330 | D:10     | Noticed a moth of wrath
 13460 | D:10     | Found a transporter.
 13660 | D:10     | Noticed Nergalle
 13795 | Lair:1   | Entered Level 1 of the Lair of Beasts
 14977 | Lair:1   | Reached ** piety under Sif Muna
 15534 | Lair:2   | Reached skill level 14 in Air Magic
 15768 | Lair:2   | Found a frozen archway.
 15883 | IceCv    | Entered an ice cave
 16119 | IceCv    | Noticed a white ugly thing
 16150 | IceCv    | Killed a white ugly thing
 17779 | IceCv    | Noticed a white ugly thing
 18137 | IceCv    | Killed a white ugly thing
 18137 | IceCv    | Reached XP level 12. HP: 64/64 MP: 14/26
 19311 | Lair:3   | Reached skill level 15 in Air Magic
 19532 | Lair:3   | Learned a level 1 spell: Summon Small Mammal
 19632 | Lair:3   | Reached skill level 1 in Summonings
 20487 | Lair:4   | Found a gate leading to a gauntlet.
 20496 | Gauntlet | Entered a Gauntlet
 20496 | Gauntlet | Found a transporter.
 20496 | Gauntlet | Found a transporter.
 20497 | Gauntlet | Found a transporter.
 20503 | Gauntlet | Found a transporter.
 20517 | Gauntlet | Found a transporter.
 20521 | Gauntlet | Found a transporter.
 20533 | Gauntlet | Found a transporter.
 20608 | Gauntlet | Found a transporter.
 20612 | Gauntlet | Found a transporter.
 20627 | Gauntlet | Found a transporter.
 20629 | Gauntlet | Found a transporter.
 20641 | Gauntlet | Found a transporter.
 20770 | Gauntlet | Identified Locasmi's Volume of Glacial Poisoning
 21152 | Gauntlet | Got a shimmering pewter ring
 21153 | Gauntlet | Identified the ring of Sorag {Wiz Int+4} (You found it in a
                  | Gauntlet)
 21290 | Gauntlet | Identified the +2 ring mail of Zetaimn {*Drain rF+ Int+3
                  | Slay+6}
 21290 | Gauntlet | Noticed a minotaur
 21294 | Gauntlet | Killed a minotaur
 21294 | Gauntlet | Reached *** piety under Sif Muna
 21307 | Gauntlet | Identified Sif Muna's Disquisition on the Lucky Arsonist
 21312 | Gauntlet | Found the +4 robe of Augmentation {Str+4 Int+4 Dex+4}
 21312 | Gauntlet | Got a slimy cloak
 21373 | Lair:3   | Identified the +1 cloak of Seesoepp {rElec Regen+} (You
                  | found it in a Gauntlet)
 21411 | Lair:4   | Reached skill level 5 in Dodging
 21659 | Lair:3   | Reached skill level 10 in Spellcasting
 22044 | Lair:4   | Found a staircase to the Snake Pit.
 22264 | Lair:4   | Reached skill level 16 in Air Magic
 22297 | Lair:4   | Noticed Kirke
 22307 | Lair:4   | Mangled by a hog

Levels and vault maps discovered:
D:1:      kb_arrival_jail, layout_basic
D:2:      layout_rooms, uniq_natasha
D:3:      layout_basic, grunt_ministairs_6
D:4:      layout_basic
D:5:      layout_rooms, first_ration, ebering_ghost_sewer_f,
          okawaru_metal_pillars_3
D:6:      layout_basic, minmay_temple_entry_enclosed_plants,
          serial_bayou_lagoon_a, sigmund_edmund_badplayer, uniq_grinder,
          uniq_sigmund
D:7:      layout_rooms
D:8:      layout_layer_cave, nicolae_overflow_crystal_walls,
          grunt_lair_entry_orc_guard_hut
D:9:      layout_loops_ring, david_orc_5, basic_altar
D:10:     layout_long_grid, gammafunk_ghost_wrathful_warriors, serial_shops,
          kennysheep_mini_moat, uniq_nergalle
Temple:   minmay_crystal_snake_temple
Lair:1:   layout_cave_shapes, kennysheep_rathole
Lair:2:   layout_chaotic_city, portal_ice_cave_entry_imps, grunt_megastairs_3
Lair:3:   layout_big_grid, grunt_megastairs_1
Lair:4:   layout_regular_city, shoals_dummy_entry, guppyfry_snake_entry_garden,
          gauntlet_entry_generic, beast_lair_carwin_6, serial_bayou_shore_b,
          uniq_kirke

Skill      XL: |  1  2  3  4  5  6  7  8  9 10 11 12 |
---------------+-------------------------------------+-----
Spellcasting   | 3 4 5 6 8 9 10 | 10.1
Air Magic      | 5 6 7 8 10 11 13 14 16 | 16.0
Conjurations   | 2 3 4 6 8 10 11 12 | 12.9
Armour         | 1 3 |  3.2
Unarmed Combat | 1 |  1.0
Dodging        | 3 4 5 |  5.2
Polearms       | 1 2 3 |  3.1
Fighting       | 1 2 |  2.8
Stealth        | 3 |  3.4
Summonings     | 4 |  4.4
Evocations     | |  0.2

Action                   |  1- 3 |  4- 6 |  7- 9 | 10-12 || total
-------------------------+-------+-------+-------+-------++-------
Melee: Unarmed           |     1 |       |    31 |       ||    32
       Kick              |       |       |     6 |    26 ||    32
       Peck              |       |       |    10 |    18 ||    28
       Trident           |       |       |    31 |    86 ||   117
       Staff             |       |       |       |    15 ||    15
 Cast: Shock             |    40 |   126 |   261 |   641 ||  1068
       Swiftness         |       |       |     1 |       ||     1
       Lightning Bolt    |       |       |     9 |   111 ||   120
       Summon Small Mamm |       |       |       |     1 ||     1
 Abil: Fly               |       |       |     1 |       ||     1
Evoke: Wand              |       |       |       |     6 ||     6
  Use: Scroll            |       |     9 |     3 |    11 ||    23
       Potion            |       |       |     9 |     6 ||    15
 Stab: Invisible         |       |       |       |     1 ||     1
  Eat: Chunk             |       |     8 |    10 |    18 ||    36
       Ration            |       |       |     2 |    13 ||    15
Armor: Leather armour    |       |     2 |    24 |    48 ||    74
       Robe              |       |       |    19 |    26 ||    45
Dodge: Dodged            |     4 |    14 |    72 |   306 ||   396
